Get step-by-step instructions on how to execute this build order below. Start the game timer, and the build order will tick by so you can play in parallel with StarCraft on a second screen or mobile device.

Game Time

  0:00

Last Step

  N/A

Next Step

Upcoming Step



Don't want to look back and forth between 2 screens? Try out our Overwolf App, the Spawning Tool Build Advisor to get an in-game overlay with this build!

Complete Build Order

  12  0:02  Probe (Chrono Boost)  
  14  0:14  Probe (Chrono Boost)  
  14  0:19  Pylon  
  14  0:26  Probe (Chrono Boost)  
  15  0:33  Probe (Chrono Boost)  
  15  0:41  Probe (Chrono Boost)  
  15  0:42  Gateway  
  16  0:46  Assimilator  
  17  0:55  Probe (Chrono Boost)  
  18  1:07  Probe (Chrono Boost)  
  20  1:19  Probe (Chrono Boost)  
  20  1:24  Nexus  
  20  1:34  Cybernetics Core  
  20  1:38  Probe (Chrono Boost)  
  21  1:45  Assimilator  
  21  1:50  Probe (Chrono Boost)  
  21  1:52  Pylon  
  22  2:00  Adept  
  23  2:02  Probe (Chrono Boost)  
  23  2:10  Warp Gate, Probe (Chrono Boost)  
  26  2:17  Probe (Chrono Boost)  
  27  2:27  Adept  
  27  2:29  Probe (Chrono Boost)  
  30  2:32  Probe (Chrono Boost)  
  31  2:38  Stargate  
  31  2:39  Probe (Chrono Boost)  
  31  2:41  Probe (Chrono Boost)  
  34  2:52  Probe (Chrono Boost)  
  34  2:53  Probe (Chrono Boost)  
  34  2:54  Adept  
  37  3:04  Probe (Chrono Boost)  
  37  3:05  Probe (Chrono Boost)  
  39  3:11  Oracle  
  39  3:12  Shield Battery  
  39  3:16  Probe (Chrono Boost)  
  39  3:17  Shield Battery, Probe (Chrono Boost)  
  41  3:22  Adept  
  46  3:28  Pylon  
  46  3:37  Gateway, Oracle  
  46  3:40  Gateway  
  46  3:42  Pylon  
  46  3:48  Probe x2 (Chrono Boost)  
  51  3:50  Assimilator  
  51  4:00  Probe x2 (Chrono Boost)  
  51  4:02  Pylon, Robotics Facility  
  53  4:09  Assimilator  
  53  4:12  Probe x2 (Chrono Boost)  
  57  4:24  Probe x2 (Chrono Boost)  
  57  4:30  Pylon  
  57  4:31  Void Ray  
  57  4:36  Probe x2 (Chrono Boost)  
  63  4:43  Immortal  
  63  4:47  Nexus  
  63  4:48  Probe x2 (Chrono Boost)  
  66  5:00  Probe (Chrono Boost)  
  66  5:01  Robotics Bay  
  70  5:12  Immortal  
  70  5:13  Probe (Chrono Boost)  
  71  5:15  Pylon  
  71  5:17  Pylon  
  71  5:20  Sentry  
  73  5:25  Probe (Chrono Boost)  
  73  5:27  Pylon  
  78  5:34  Shield Battery  
  78  5:35  Shield Battery, Probe (Chrono Boost)  
  79  5:38  Colossus  
  79  5:40  Shield Battery, Probe (Chrono Boost)  
  80  5:47  Probe (Chrono Boost)  
  81  5:52  Probe (Chrono Boost)  
  81  5:54  Forge x2  
  82  6:02  Stalker  
  82  6:04  Stalker, Sentry  
  92  6:09  Shield Battery  
  92  6:10  Shield Battery  
  94  6:11  Shield Battery  
  94  6:12  Colossus  
  94  6:15  Probe x3 (Chrono Boost)  
  97  6:25  Protoss Ground Weapons Level 1  
  96  6:28  Pylon  
  96  6:30  Pylon  
  100  6:43  Pylon x2  
  100  6:53  Stalker x3  
  96  7:03  Nexus  
  96  7:06  Pylon  
  97  7:08  Probe (Chrono Boost)  
  97  7:11  Probe (Chrono Boost)  
  97  7:14  Extended Thermal Lance  
  98  7:20  Probe (Chrono Boost)  
  100  7:23  Probe (Chrono Boost)  
  100  7:26  Colossus  
  106  7:33  Shield Battery, Probe (Chrono Boost)  
  106  7:35  Probe (Chrono Boost)  
  109  7:45  Probe (Chrono Boost)  
  109  7:48  Twilight Council, Probe (Chrono Boost)  
  110  7:51  Assimilator  
  110  7:56  Protoss Ground Weapons Level 2, Assimilator  
  110  7:57  Probe (Chrono Boost)  
  112  8:00  Probe (Chrono Boost)  
  112  8:02  Sentry x2  
  112  8:03  Sentry  
  118  8:06  Gateway  
  118  8:09  Gateway, Probe (Chrono Boost)  
  118  8:12  Probe (Chrono Boost)  
  120  8:15  Blink  
  119  8:20  Probe (Chrono Boost)  
  119  8:21  Observer, Probe (Chrono Boost)  
  119  8:24  Probe (Chrono Boost)  
  121  8:32  Probe (Chrono Boost)  
  121  8:34  Stalker x2, Forge  
  126  8:44  Photon Cannon  
  126  8:46  Protoss Ground Armor Level 1, Pylon  
  126  8:49  Pylon  
  126  8:57  Nexus  
  126  9:04  Probe (Chrono Boost)  
  126  9:05  Probe (Chrono Boost)  
  126  9:06  Probe (Chrono Boost)  
  126  9:07  Pylon  
  129  9:17  Colossus, Probe x2 (Chrono Boost)  
  131  9:20  Probe (Chrono Boost)  
  138  9:29  Probe x2 (Chrono Boost)  
  138  9:33  Probe (Chrono Boost)  
  139  9:41  Probe x2 (Chrono Boost)  
  142  9:45  Probe (Chrono Boost)  
  142  9:46  Protoss Ground Weapons Level 3  
  142  9:47  Stalker x2  
  146  9:53  Gateway  
  146  9:55  Gateway  
  146  9:57  Gateway, Sentry x2  
  146  9:58  Sentry  
  152  10:10  Colossus  
  152  10:11  Protoss Ground Armor Level 2  
  158  10:17  Templar Archives  
  158  10:27  Stalker x5  
  168  10:29  Assimilator  
  168  10:32  Assimilator  
  168  10:35  Shield Battery x2  
  168  10:41  Colossus x2  
  168  10:54  Stalker x5  
  178  10:57  Pylon  
  178  10:59  Pylon, Psionic Storm  
  178  11:02  Photon Cannon  
  178  11:07  Photon Cannon  
  177  11:20  High Templar x3  
  177  11:21  High Templar x2  
  187  11:30  Nexus  
  187  11:32  Pylon  
  187  11:35  Pylon  
  185  11:50  High Templar  
  185  11:51  High Templar x2  
  185  11:52  Photon Cannon  
  185  11:53  Gravitic Drive, Gateway  
  191  11:54  Gateway  
  191  11:56  Gateway  
  191  11:58  Gateway  
  191  12:01  Gateway  
  191  12:02  Warp Prism  
  191  12:05  Protoss Shields Level 1  
  191  12:08  Zealot x3, Protoss Ground Armor Level 3  
  199  12:10  Charge, Assimilator  
  199  12:14  Assimilator  
  199  12:17  Photon Cannon x2  
  199  12:22  Shield Battery, Photon Cannon  
  199  12:25  Fleet Beacon  
  199  12:27  Shield Battery  
  163  13:02  Stalker x8  
  161  13:07  Colossus  
  169  13:33  Zealot x13  
  167  13:53  High Templar x3  
  167  13:54  Stalker x5, High Templar  
  183  13:58  Archon x2  
  177  14:28  Stalker x12  
  189  14:36  Protoss Shields Level 2  
  187  15:04  Stalker x6  
  179  15:15  Unknown  
  179  15:20  Archon  
  163  15:24  Stalker x7  
  163  15:28  Observer  
  136  15:38  Stalker x6  
  148  16:08  High Templar x8  
  148  16:09  High Templar x5  
  174  16:13  Archon x4  
  174  16:14  Archon x2  
  174  16:16  Warp Prism  
  174  16:54  Stalker x3, Nexus  
  174  16:55  Stalker x10  
  196  17:22  High Templar x2  
  200  17:32  Nexus  
  200  17:49  Pylon  
  175  18:16  Archon  
  154  18:22  Stalker x13